 Dungeon Crawl Stone Soup version 0.21.1-1-g345015f (webtiles) character file.

3 shakethe the Grave Robber (level 1, -1/14 HPs)
             Began as a Demonspawn Necromancer on Feb 18, 2018.
             Slain by a leopard gecko (2 damage)
             ... on level 1 of the Dungeon.
             The game lasted 00:00:39 (188 turns).

shakethe the Grave Robber (Demonspawn Necromancer)   Turns: 188, Time: 00:00:40

Health: -1/14      AC:  2    Str:  8    XL:     1   Next: 41%
Magic:  0/3        EV: 12    Int: 16    God:
Gold:   44         SH:  0    Dex: 13    Spells: 3/4 levels left

rFire    . . .     SeeInvis .   (no weapon)
rCold    . . .     Gourm    .   (no shield)
rNeg     . . .     Faith    .   a - +0 robe
rPois    .         Spirit   .   (no helmet)
rElec    .         Reflect  .   (no cloak)
rCorr    .         Harm     .   (no gloves)
MR       .....                  (no boots)
Stlth    ++........             (no amulet)
HPRegen  0.04/turn              (no ring)
MPRegen  0.08/turn              (no ring)

@: no status effects
A: no striking features
a: no special abilities


You were on level 1 of the Dungeon.
You were not hungry.

You visited 1 branch of the dungeon, and saw 1 of its levels.

You collected 44 gold pieces.

Inventory:

Armour
 a - a +0 robe (worn)
Scrolls
 e - a scroll of teleportation {unknown}
 h - a scroll of immolation {unknown}
Potions
 d - a potion of haste {unknown}
 f - a potion of berserk rage {unknown}
Books
 b - a book of Necromancy
Comestibles
 c - 4 rations
 g - a chunk of flesh {@w0@w0}


   Skills:
 + Level 0.3 Fighting
 - Level 1.7 Dodging
 - Level 1.7 Stealth
 + Level 2.1 Spellcasting
 + Level 4.4 Necromancy


You had 3 spell levels left.
You knew the following spells:

 Your Spells              Type           Power        Failure   Level  Hunger
a - Pain                  Necr           ###.         3%          1    #......


Dungeon Overview and Level Annotations

Branches:
Dungeon (1/15)

Altars:


Message History

Welcome, shakethe the Demonspawn Necromancer.
Will you be the one to retrieve the fabulous Orb of Zot from the depths?
Found a staircase leading out of the dungeon.
d - an orange potion
c - 2 rations (gained 1)
c - 3 rations (gained 1)
You see here 17 stones.
You now have 3 gold pieces.
You now have 18 gold pieces (gained 15).
Found an escape hatch in the floor.
You now have 28 gold pieces (gained 10).
Found a stone staircase leading down.
You now have 35 gold pieces (gained 7).
Found a stone staircase leading down.
A ball python comes into view.
The ball python hisses angrily.
Aim: a ball python (chance to defeat MR: 85%)
The ball python writhes in agony!
You kill the ball python!
You take 1 damage, and have 12/13 hp.
You now have 2/3 mp.
A giant cockroach comes into view.
A giant cockroach is nearby!
You can't see any susceptible monsters within range! (Use Z to cast anyway.) Sorry, you're not good enough to have a special ability.
Aim: a giant cockroach (clinging, chance to defeat MR: 85%)
The giant cockroach writhes in agony!
You kill the giant cockroach!
You take 1 damage, and have 11/13 hp.
e - a scroll labeled LIEREI GIPS
f - a sedimented golden potion You butcher the giant cockroach corpse.
g - a chunk of flesh {@w0@w0}
c - 4 rations (gained 1)
h - a scroll labeled IDGHIR LIBBE MP restored: 3 You now have 44 gold pieces (gained 9).
A leopard gecko and a bat come into view.
Health restored: 13
There are monsters nearby!
Aim: a bat (resting, chance to defeat MR: 85%)
The bat writhes in agony!
You take 1 damage, and have 12/13 hp.
You now have 2/3 mp.
Aim: a bat (severely wounded, chance to defeat MR: 85%)
The bat barely resists.
The bat closely misses you.
You take 1 damage, and have 11/13 hp.
You now have 1/3 mp.
Aim: a bat (severely wounded, chance to defeat MR: 85%)
The bat writhes in agony!
You kill the bat!
The leopard gecko moves out of view.
You now have 0/3 mp.
Aim: a leopard gecko (clinging, chance to defeat MR: 85%)
The leopard gecko barely resists.
The leopard gecko bites you.
You take 3 damage, and have 8/14 hp.
MASSIVE DAMAGE!!
You now have 0/3 mp.
The leopard gecko completely misses you.
The leopard gecko bites you.
Aim: a leopard gecko (clinging, chance to defeat MR: 85%)
The leopard gecko writhes in agony!
The leopard gecko misses you.
You take 1 damage, and have 7/14 hp.
You now have 0/3 mp.
The leopard gecko bites you.
* * * LOW HITPOINT WARNING * * *
You take 3 damage, and have 4/14 hp.
MASSIVE DAMAGE!!
The leopard gecko bites you.
* * * LOW HITPOINT WARNING * * *
You take 3 damage, and have 1/14 hp.
MASSIVE DAMAGE!!
The leopard gecko bites you.
You die...

#############
#...........#####
#.#.#.#@#.#.#.#.#.
#######......l..........
#.......#.#.#.#.#.#.#>#
#.#####...............
#.# #.#.#.#.#.#.#.#.#
#.#####................
#.......#.#.#.#.#.#.#.
#.#####.#####.##..###
####.####..#####.##.##


You could see a leopard gecko.

Vanquished Creatures
  A ball python (D:1)
  A giant cockroach (D:1)
  A bat (D:1)
3 creatures vanquished.

Notes
Turn   | Place    | Note
-------+----------+-------------------------------------------
     0 | D:1      | shakethe the Demonspawn Necromancer began the quest for the Orb.
     0 | D:1      | Reached XP level 1. HP: 13/13 MP: 3/3
   183 | D:1      | HP: 1/14 [leopard gecko (3)]
   188 | D:1      | Slain by a leopard gecko

Action                   || total
-------------------------++-------
 Cast: Pain              ||     7
Dodge: Dodged            ||     3

Vault maps used:
D:1:      dpeg_arrival_snail, st_stairs_12, minmay_misc_feat_doors

Table legend:
 A = Turns spent in this place as a percentage of turns spent in the entire game.
 B = Non-inter-level travel turns spent in this place as a percentage of non-inter-level travel turns spent in the entire game.
 C = Inter-level travel turns spent in this place as a percentage of turns spent in this place.
 D = Turns resting spent in this place as a percentage of non-inter-level travel turns spent in this place.
 E = Turns spent auto-exploring this place as a percentage of non-inter-level travel turns spent in this place.
 F = Non-inter-level travel turns spent in this place divided by the number of levels of this place that you've seen.
                   A       B       C       D       E      F
               +-------+-------+-------+-------+-------+----------------------
         Total | 100.0 | 100.0 |   0.0 |   0.0 |  73.9 | 188.0
       Dungeon | 100.0 | 100.0 |   0.0 |   0.0 |  73.9 | 188.0
               +-------+-------+-------+-------+-------+----------------------

Table legend:
 A = Kills in this place as a percentage of kills in entire the game.
 B = Kills by you in this place as a percentage of kills by you in the entire game.
 C = Kills by friends in this place as a percentage of kills by friends in the entire game.
 D = Other kills in this place as a percentage of other kills in the entire game.
 E = Experience gained in this place as a percentage of experience gained in the entire game.
 F = Experience gained in this place divided by the number of levels of this place that you have seen.
                   A       B       C       D       E      F
               +-------+-------+-------+-------+-------+----------------------
         Total | 100.0 | 100.0 |   N/A |   N/A | 100.0 |   5.0
       Dungeon | 100.0 | 100.0 |   N/A |   N/A | 100.0 |   5.0
               +-------+-------+-------+-------+-------+----------------------
